Map: Battle on the Boardwalk LE

Players

Dessa

  • Race: Zerg Zerg
  • League: Diamond
  • Spawn Location: 11:00

Ulfmand - Winner!

  • Race: Zerg Zerg
  • League: Diamond
  • Spawn Location: 1:00

VOD

Have the link to the VOD?

Description

Time

  • Played on: Dec. 18, 2017, 5:42 a.m.
  • Length: 7:42
Show
View Real Time Build Order
Export as new Build Order

Dessa Zerg 

Build Orders: Pool First, Zergling Baneling 

Get SALT Encoding   

  12  0:01  Drone  
  13  0:13  Overlord  
  13  0:17  Drone  
  14  0:31  Drone  
  14  0:32  Drone  
  17  0:35  Drone  
  17  0:41  Extractor  
  16  0:46  Drone  
  17  0:54  Spawning Pool  
  17  0:56  Drone  
  17  1:09  Drone  
  18  1:24  Hatchery  
  17  1:28  Drone  
  18  1:41  Queen  
  20  1:48  Metabolic Boost  
  20  1:51  Zergling x2  
  20  1:54  Zergling x2  
  22  2:01  Overlord  
  22  2:19  Queen  
  24  2:23  Baneling Nest, Drone  
  24  2:26  Drone  
  25  2:30  Drone  
  26  2:46  Queen  
  26  2:51  Drone x2  
  30  2:59  Zergling x4  
  32  3:08  Baneling x2, Zergling x2  
  32  3:09  Zergling x4  
  34  3:24  Zergling x2  
  34  3:25  Zergling x2, Overlord  
  29  3:52  Zergling x8  
  29  3:53  Baneling x2  
  29  3:54  Baneling  
  34  3:55  Zergling x6  
  34  3:56  Zergling x4  
  38  4:03  Zergling x2  
  38  4:26  Zergling x4  
  38  4:30  Zergling x8  
  38  4:31  Zergling x2  
  43  4:45  Baneling x7  
  38  4:46  Zergling x10  
  43  4:52  Overlord  
  28  5:28  Zergling x4  
  28  5:29  Zergling x2  
  30  5:36  Zergling x12  
  36  5:44  Zergling x2  
  36  5:45  Drone  
  36  5:47  Baneling x3  
  36  5:58  Drone  
  36  5:59  Drone  
  33  6:11  Drone x2  
  33  6:16  Drone x2  
  35  6:19  Lair  
  35  6:21  Extractor  
  35  6:23  Roach Warren  
  33  6:29  Baneling  
  33  6:30  Baneling x2, Drone x2  
  33  6:31  Queen  
  36  6:45  Drone  
  36  6:46  Drone x5  
  42  6:59  Drone x3  
  45  7:02  Overlord  
  45  7:05  Roach x3  
  51  7:12  Extractor  
  51  7:13  Drone, Extractor  
  50  7:16  Drone  
Show
View Real Time Build Order
Export as new Build Order

Ulfmand Zerg - Winner!

Build Orders: Hatch First, Zergling Baneling 

Get SALT Encoding   

  12  0:00  Drone  
  13  0:13  Overlord  
  13  0:17  Drone  
  14  0:31  Drone x2  
  16  0:37  Drone  
  17  0:53  Hatchery  
  17  0:56  Drone  
  17  0:59  Drone  
  18  1:08  Extractor  
  17  1:15  Spawning Pool  
  17  1:18  Drone  
  17  1:25  Drone  
  17  1:28  Overlord  
  18  1:47  Drone  
  19  1:53  Drone  
  20  2:02  Queen  
  20  2:03  Zergling x2  
  20  2:08  Queen  
  23  2:09  Zergling x2  
  23  2:12  Metabolic Boost  
  26  2:26  Drone  
  26  2:27  Drone  
  26  2:29  Drone  
  29  2:31  Drone  
  29  2:35  Drone, Baneling Nest  
  30  2:49  Drone  
  31  2:56  Hatchery  
  30  2:58  Zergling x4  
  30  3:03  Zergling x2  
  33  3:20  Drone x2, Overlord  
  33  3:25  Drone x2, Extractor  
  36  3:29  Baneling x2  
  36  3:30  Baneling  
  33  3:48  Zergling x2  
  33  3:49  Zergling x10  
  38  3:58  Evolution Chamber  
  38  4:01  Zergling x2  
  38  4:02  Zergling x10  
  43  4:09  Baneling x3  
  43  4:12  Zergling x2  
  40  4:31  Zergling x12  
  40  4:34  Zerg Ground Armor Level 1  
  45  4:47  Zergling x2  
  45  4:48  Zergling x4  
  45  4:50  Baneling  
  45  4:51  Baneling  
  48  4:55  Overlord x2  
  48  4:59  Zergling x2  
  50  5:00  Zergling x2  
  49  5:11  Drone  
  49  5:12  Drone x2  
  34  5:29  Zergling x12  
  34  5:30  Zergling x4  
  34  5:33  Baneling  
  40  5:43  Zergling x8  
  40  5:46  Queen  
  45  5:55  Baneling x4  
  45  5:56  Baneling x3  
  45  6:00  Zergling x8  
  45  6:01  Zergling x4  
  45  6:02  Queen  
  53  6:10  Zergling x4  
  53  6:11  Zergling x10  
  52  6:16  Drone x2  
  54  6:26  Overlord x2  
  54  6:30  Drone  
  54  6:32  Baneling x2  
  55  6:47  Zergling x2  
  55  6:48  Zergling x12  
  62  7:02  Zergling x16  
  62  7:06  Baneling x5  
  62  7:07  Baneling  
  70  7:15  Zergling x2  
  70  7:16  Zergling x10  
Tags
 
Add a new tag
Caveats
  • Supply blocks, unpowered buildings, or Contaminate may cause inaccurate times.
  • Supply counts are checked every 10 seconds.